 Dungeon Crawl Stone Soup version 0.30-a0-263-ge22c4ad894 (webtiles) character file.

Game seed: 134482234581221478

15841 Anon1729 the Carver (level 12, -10/90 HPs)
             Began as a Minotaur Monk on Oct 13, 2022.
             Was a Priest of Ru.
             Mangled by a molten gargoyle
             ... wielding a +1 mace of venom
              (12 damage)
             ... in a Gauntlet.
             The game lasted 00:21:49 (13320 turns).

Anon1729 the Carver (Minotaur Monk)                Turns: 13320, Time: 00:21:49

Health: -10/90     AC: 10    Str: 17      XL:     12   Next: 4%
Magic:  17/19      EV: 19    Int: 11 (12) God:    Ru [***...]
Gold:   431        SH:  0    Dex: 18 (19) Spells: 11/11 levels left

rFire   x x .      SeeInvis +    y - +1 long sword (freeze)
rCold   . . .      Faith    .    (no shield)
rNeg    + . .      Spirit   .    E - +3 leather armour of Loss {Will+++ SInv}
rPois   .          Reflect  .    f - +3 hat of Pondering {ponderous, Will+ MP+10 Int+5}
rElec   +          Harm     .    (no cloak)
rCorr   +          Rampage  .    (no gloves)
Will    ++++.      NoTele   +    o - +0 pair of boots
Stlth   ++++......               g - amulet of Celun {Acrobat rElec rCorr Str+2 Dex+2}
HPRegen 0.35/turn                j - ring of positive energy
MPRegen 0.16/turn                s - ring of resist corrosion

@: mighty, lethally poisoned (-10 -> -13), unable to read, slow
A: horns 2, inability to use devices, hated by all, disrupted magic 1,
retaliatory headbutt, [frail 2], [low MP 1], [screaming 2], [weak 1], [heat
vulnerability 2], [subdued magic 1], [inability to read after injury 1]
a: Renounce Religion, Draw Out Power


You were in a Gauntlet.
You worshipped Ru.
Ru was most pleased with you.
You visited 2 branches of the dungeon, and saw 12 of its levels.
You also visited: Bailey and Gauntlet.

You collected 596 gold pieces.
You spent 165 gold pieces at shops.

Inventory:

Hand Weapons
 a - a +0 falchion
 y - a +1 long sword of freezing (weapon)
 H - a +0 long sword of draining
Armour
 b - a +0 robe
 f - the +3 hat of Pondering (worn) {ponderous, Will+ MP+10 Int+5}
   (You took it off Gastronok on level 10 of the Dungeon)

   Int:       It affects your intelligence (+5).
   MP:        It affects your magic capacity (+10).
   Will:      It increases your willpower.
 k - the +1 pair of gloves of the Monkey's Uncle {Int+5 Dex-2}
   (You found it in a Gauntlet)

   Int:       It affects your intelligence (+5).
   Dex:       It affects your dexterity (-2).
 n - a +1 ring mail of willpower
 o - a +0 pair of boots (worn)
 E - the +3 leather armour of Loss (worn) {Will+++ SInv}
   (You found it in a bailey)

   SInv:      It lets you see invisible.
   Will:      It greatly increases your willpower.
 O - the +1 pair of gloves of Ricsoh {rN+++ rCorr Int-4 Dex-5}
   (You found it in a Gauntlet)

   Int:       It affects your intelligence (-4).
   Dex:       It affects your dexterity (-5).
   rN:        It renders you almost immune to negative energy.
   rCorr:     It protects you from acid and corrosion.
Jewellery
 g - the amulet of Celun (around neck) {Acrobat rElec rCorr Str+2 Dex+2}
   (You found it on level 6 of the Dungeon)

   [amulet of the acrobat]

   It increases your evasion while moving and waiting.
   Str:       It affects your strength (+2).
   Dex:       It affects your dexterity (+2).
   rElec:     It insulates you from electricity.
   rCorr:     It protects you from acid and corrosion.
 j - a ring of positive energy (left hand)
 s - a ring of resist corrosion (right hand)
 N - a ring of ice
Scrolls
 d - 4 scrolls of amnesia
 e - a scroll of acquirement
 h - a scroll of silence {unknown}
 l - 3 scrolls of magic mapping
 m - 3 scrolls of teleportation
 q - a scroll of torment {unknown}
 r - a scroll of noise {unknown}
 t - a scroll of fear
 w - 2 scrolls of brand weapon {unknown}
 B - a scroll of vulnerability {unknown}
 C - 2 scrolls of poison {unknown}
 L - 4 scrolls of enchant armour {unknown}
 M - a scroll of enchant weapon {unknown}
Potions
 c - 4 potions of curing
 i - a potion of berserk rage {unknown}
 p - a potion of degeneration {unknown}
 u - 3 potions of haste
 v - 3 potions of might
 x - 2 potions of flight {unknown}
 z - 5 potions of mutation
 A - 5 potions of cancellation
 D - a potion of invisibility
 F - a potion of brilliance
 G - a potion of attraction {unknown}
 I - a potion of ambrosia
 J - a potion of heal wounds
 K - a potion of resistance {unknown}


   Skills:
 + Level 12.3 Fighting
 + Level 12.3 Long Blades
 + Level 11.4 Dodging
 + Level 9.3 Stealth


You had 11 spell levels left.
You didn't know any spells.
Your spell library contained the following spells:

 Spells                   Type           Power      Damage    Failure   Level
 Beastly Appendage        Tmut           0%         N/A       45%         1
 Magic Dart               Conj           0%         1d3       45%         1
 Cigotuvi's Dreadful Rot  Necr/Pois/Air  0%         N/A       58%         2
 Searing Ray              Conj           0%         2d4       58%         2
 Wereblood                Tmut           0%         N/A       58%         2
 Gell's Gravitas          Tloc           0%         N/A       82%         3
 Ignite Poison            Fire/Tmut/Pois 0%         N/A       82%         3
 Kindle Blastsparks       Fire/Tloc/Air  0%         2d10      82%         3
 Spider Form              Tmut/Pois      0%         N/A       82%         3
 Teleport Other           Tloc           0%         N/A       82%         3
 Dispel Undead            Necr           0%         3d6       99%         4
 Fulminant Prism          Conj/Hex       0%         3d6       99%         4
 Freezing Cloud           Conj/Ice/Air   0%         6-21      100%        5
 Dispersal                Tloc           0%         N/A       100%        6
 Death Channel            Necr           Unusable   N/A       N/A         6

Dungeon Overview and Level Annotations

Branches:
Dungeon (11/15)            Temple (1/1) D:5            Lair (0/5) D:10
 Bailey (visited)         Gauntlet (1/1)
    Orc: D:9-12

Altars:
Ashenzari
Cheibriados
Dithmenos
Elyvilon
Gozag
Kikubaaqudgha
Makhleb
Nemelex Xobeh
Okawaru
Ru
Sif Muna
Trog
Uskayaw
Vehumet
Wu Jian
Xom
Zin
The Shining One

Shops:
D:1 [   D:8 :   D:9 *   D:10 =

Annotations:
D:3 Grinder
D:4 exclusion: black bear
D:10 2 transporters Gauntlet 9 transporters, 21 runed translucent doors


Innate Abilities, Weirdness & Mutations

You have a pair of horns on your head.
You cannot study or use magical devices.
You are hated by all.
Your casting is slightly disrupted.
You reflexively headbutt those who attack you in melee.
[You are very frail. (-20% HP)]
[Your magical capacity is low. (-10% MP)]
[You frequently scream uncontrollably at your foes.]
[You are weak. (Str -2)]
[You are very vulnerable to heat. (rF--)]
[Your spells are a little easier to cast, but a little less powerful.]
[You occasionally lose the ability to read scrolls when taking damage.]


Message History

The catoblepas is severely wounded.
The catoblepas breathes a plume of calcifying dust at you.
The blast of calcifying dust hits you!
The molten gargoyle begins to attack, but is stunned by your conviction!
You redirect the molten gargoyle's attack!
The molten gargoyle hits itself with a +1 mace of venom!
You redirect the catoblepas's attack!
The catoblepas barely misses itself.
You slash the catoblepas! You freeze the catoblepas.
The catoblepas is almost dead.
The catoblepas gores you!
The molten gargoyle completely misses you.
The gargoyle begins to attack, but is stunned by your conviction!
You hit the catoblepas. You freeze the catoblepas. You headbutt the catoblepas.
The catoblepas is almost dead.
The gargoyle stops glowing.
You slice the catoblepas!! You freeze the catoblepas.
You kill the catoblepas!
The molten gargoyle hits you with a +1 mace of venom.
You are engulfed in flames!
The fire burns you terribly!
* * * LOW HITPOINT WARNING * * *
You are poisoned.
The molten gargoyle blasts magma at you!
The bolt of magma misses you.
You feel the corruption within you wane somewhat.
You lose the ability to read scrolls when taking damage less often.
Your connection to magic feels less subdued.
You feel a little healthier.
You feel more energetic.
You feel stronger.
You feel healthier.
Your life force feels restored.
You have reached level 12!
You feel stronger.
Unknown command.
You barely miss the gargoyle.
The gargoyle is almost destroyed.
You feel sick.
The molten gargoyle is no longer blind.
The molten gargoyle hits you with a +1 mace of venom!
* * * LOW HITPOINT WARNING * * *
You are engulfed in flames!
The fire burns you terribly!
You die...

........#...#.#..#....#..#.8.#
....Xx.x#...#..#.#.#..#..#...#
#########...###########..#...#
..........≈.............≈#.©.#.
∩........≈8≈............∩#......
..........≈.............≈#.©.#.#
#########...###########..#...#.#
..^#.^#.#...##.§.....##..#...#
.^#..#..#...#.#.@9.^#.#..#.8.#
.#..#..######..#9..#..#..#...#
#P.#..#.#...#.§.#^#...#..#.8.#
.©#.^#.©#©.©#§§.©#9..©#..#§..#
#..#P.#.#...#...#^#..:#..#§8≈#
.#P.#..######..#..^#.)#..#####
.^#..#..#...#.#^.§.^#.#..###
...#.^#.#.8.##...§...##..#8#
#########...###########..###


You could see 2 molten gargoyles and a gargoyle.

Vanquished Creatures
  Gastronok (D:10)
  2 vault guards (Bailey)
  A catoblepas (Gauntlet)
  Fannar (D:10)
  A two-headed ogre (D:10)
  A wretched star (Gauntlet)
  A manticore (D:11)
  A cyclops (D:11)
  Maurice (D:8)
  An orange demon (D:10)
  2 komodo dragons
  A troll (D:10)
  Prince Ribbit (Bailey)
  Sigmund (D:4)
  14 yaks
  3 wraiths
  A shadow (D:10)
  2 wyverns
  5 humans (Bailey)
  A basilisk (D:10)
  5 water moccasins
  A small abomination (Gauntlet)
  An orc warrior (D:9)
  2 ice beasts
  2 sky beasts
  3 black bears
  3 ogres (D:7)
  2 centaurs
  A phantom (D:4)
  11 bullfrogs
  4 kobold brigands
  2 necrophages
  3 scorpions
  A gnoll sergeant (D:10)
  12 killer bees
  3 howler monkeys (D:11)
  A jelly (D:6)
  A hound (D:6)
  5 orc priests
  Ijyb (D:3)
  2 iguanas
  9 orc wizards
  A gnoll (Bailey)
  6 adders
  2 white imps
  A worm (D:2)
  3 dart slugs
  22 orcs
  7 ball pythons
  A bat (D:2)
  5 endoplasms
  3 giant cockroaches
  7 goblins
  17 hobgoblins
  5 jackals
  2 quokkas
  3 frilled lizards
  28 kobolds
  5 rats
235 creatures vanquished.

Vanquished Creatures (others)
  Amaemon (D:10)
  A yak (D:10)
  An orc warrior (D:8)
  33 demonic plants (Gauntlet)
  49 fungi (D:10)
  58 plants
143 creatures vanquished.

Grand Total: 378 creatures vanquished

Notes
Turn   | Place    | Note
-------+----------+-------------------------------------------
     0 | D:1      | Anon1729 the Minotaur Monk began the quest for the Orb.
     0 | D:1      | Reached XP level 1. HP: 19/19 MP: 0/0
   162 | D:1      | Reached XP level 2. HP: 16/27 MP: 1/1
   420 | D:1      | Found Fevam's Antique Armour Boutique.
   574 | D:1      | Reached XP level 3. HP: 28/33 MP: 2/2
   776 | D:2      | Found an ancient bone altar of Kikubaaqudgha.
  1493 | D:2      | Reached XP level 4. HP: 37/41 MP: 3/3
  1960 | D:3      | Noticed Ijyb
  1994 | D:3      | Killed Ijyb
  2136 | D:3      | Noticed Grinder
  2139 | D:3      | Paralysed by Grinder for 2 turns
  2262 | D:4      | Noticed a black bear
  2286 | D:4      | Noticed Sigmund
  2299 | D:4      | Killed Sigmund
  2300 | D:4      | Reached skill level 5 in Fighting
  2300 | D:4      | Reached skill level 5 in Long Blades
  2300 | D:4      | Reached XP level 5. HP: 16/48 MP: 4/4
  2300 | D:4      | Reached XP level 6. HP: 19/56 MP: 5/5
  2553 | D:4      | Reached skill level 5 in Dodging
  2765 | D:4      | Reached XP level 7. HP: 60/62 MP: 6/6
  3071 | D:4      | Found an ornate altar of the Wu Jian Council.
  3188 | D:5      | Entered Level 5 of the Dungeon
  3963 | D:5      | Found a staircase to the Ecumenical Temple.
  3974 | Temple   | Entered the Ecumenical Temple
  4202 | Temple   | Became a worshipper of Ru the Awakened
  4225 | D:5      | Gained mutation: You cannot study or use magical devices.
                  | [Ru sacrifice]
  4225 | D:5      | Reached * piety under Ru
  4225 | D:5      | Reached ** piety under Ru
  4480 | D:6      | Reached XP level 8. HP: 71/71 MP: 7/7
  4571 | D:6      | Found a basalt altar of Yredelemnul.
  4633 | D:5      | HP: 1/71 [killer bee (6)]
  4939 | D:6      | Identified the amulet of Celun {Acrobat rElec rCorr Str+2
                  | Dex+2}
  4992 | D:6      | Found a glowing golden altar of the Shining One.
  5113 | D:6      | Found a blossoming altar of Fedhas.
  5570 | D:7      | Reached skill level 5 in Stealth
  6389 | D:6      | Reached XP level 9. HP: 19/81 MP: 8/8
  7042 | D:7      | Found a shimmering altar of Xom.
  7043 | D:7      | Found a hide-covered altar of Uskayaw.
  7062 | D:7      | You fall into a shaft and drop 1 floor!
  7112 | D:8      | Found a flagged portal.
  7133 | Bailey   | Entered a bailey
  7161 | Bailey   | Gained mutation: Your casting is slightly disrupted. [Ru
                  | sacrifice]
  7509 | Bailey   | Noticed Prince Ribbit
  7510 | Bailey   | Noticed a vault guard
  7537 | Bailey   | Killed a vault guard
  7538 | Bailey   | Reached XP level 10. HP: 60/91 MP: 9/9
  7544 | Bailey   | Killed Prince Ribbit
  7688 | Bailey   | Noticed a vault guard
  7727 | Bailey   | Killed a vault guard
  7840 | Bailey   | Identified the +3 leather armour of Loss {Will+++ SInv}
  7984 | D:8      | Found an iron altar of Okawaru.
  7996 | D:8      | Reached skill level 10 in Fighting
  8124 | D:8      | Reached skill level 10 in Long Blades
  9401 | D:8      | Noticed Maurice
  9402 | D:8      | Identified a scroll of acquirement
  9422 | D:8      | Killed Maurice
  9484 | D:8      | Found Ataott's Book Shoppe.
  9625 | D:9      | Found Fosujeus's Assorted Antiques.
  9679 | D:9      | Bought a potion of heal wounds for 105 gold pieces
  9679 | D:9      | Bought a scroll of identify for 42 gold pieces
  9679 | D:9      | Bought a silvery potion for 18 gold pieces
 10083 | D:9      | Reached XP level 11. HP: 101/101 MP: 10/10
 10089 | D:9      | Reached skill level 10 in Dodging
 10137 | D:9      | Gained mutation: You are hated by all. [Ru sacrifice]
 10137 | D:9      | Reached *** piety under Ru
 10453 | D:10     | Entered Level 10 of the Dungeon
 10574 | D:10     | Noticed a two-headed ogre
 10581 | D:10     | Killed a two-headed ogre
 10801 | D:10     | Noticed Fannar
 11528 | D:10     | Found a staircase to the Lair.
 11632 | D:10     | Noticed Amaemon
 11638 | D:10     | Noticed Gastronok
 11938 | D:10     | Killed Fannar
 11945 | D:10     | Killed Amaemon
 12086 | D:10     | Killed Gastronok
 12291 | D:10     | Found a transporter.
 12295 | D:10     | Noticed an orc sorcerer
 12298 | D:10     | Found a transporter.
 12340 | D:10     | Found Wuhuvu's Jewellery Boutique.
 12778 | D:11     | Found a gate leading to a gauntlet.
 12799 | Gauntlet | Entered a Gauntlet
 12799 | Gauntlet | Found a transporter.
 12799 | Gauntlet | Found a transporter.
 12814 | Gauntlet | Noticed a wretched star
 12988 | Gauntlet | Found a transporter.
 12990 | Gauntlet | Found a transporter.
 13002 | Gauntlet | Found a transporter.
 13005 | Gauntlet | Found a large runed translucent door.
 13005 | Gauntlet | Found a large runed translucent door.
 13006 | Gauntlet | Found a large runed translucent door.
 13006 | Gauntlet | Found a large runed translucent door.
 13007 | Gauntlet | Found a large runed translucent door.
 13007 | Gauntlet | Found a large runed translucent door.
 13007 | Gauntlet | Found a large runed translucent door.
 13007 | Gauntlet | Found a large runed translucent door.
 13020 | Gauntlet | Found a transporter.
 13041 | Gauntlet | Found a runed translucent gate.
 13042 | Gauntlet | Found a transporter.
 13042 | Gauntlet | Found a runed translucent gate.
 13043 | Gauntlet | Found a runed translucent gate.
 13044 | Gauntlet | Found a large runed translucent door.
 13045 | Gauntlet | Found a large runed translucent door.
 13046 | Gauntlet | Found a large runed translucent door.
 13053 | Gauntlet | Found a large runed translucent door.
 13055 | Gauntlet | Found a large runed translucent door.
 13055 | Gauntlet | Found a large runed translucent door.
 13055 | Gauntlet | Found a runed translucent door.
 13055 | Gauntlet | Found a runed translucent door.
 13056 | Gauntlet | Found a large runed translucent door.
 13057 | Gauntlet | Found a large runed translucent door.
 13059 | Gauntlet | Found a transporter.
 13067 | Gauntlet | Found a transporter.
 13085 | Gauntlet | Found a transporter.
 13127 | Gauntlet | Found a transporter.
 13137 | Gauntlet | Found a transporter.
 13141 | Gauntlet | Noticed a catoblepas
 13210 | Gauntlet | Killed a wretched star
 13221 | Gauntlet | Identified the +1 pair of gloves of the Monkey's Uncle
                  | {Int+5 Dex-2}
 13296 | Gauntlet | Identified the +1 pair of gloves of Ricsoh {rN+++ rCorr
                  | Int-4 Dex-5}
 13319 | Gauntlet | Killed a catoblepas
 13320 | Gauntlet | Reached XP level 12. HP: 19/90 MP: 9/9
 13320 | Gauntlet | HP: 2/90 [molten gargoyle/+1 mace of venom (16)]
 13320 | Gauntlet | Mangled by a molten gargoyle

Illustrated notes

Levels and vault maps discovered:
D:1:      dpeg_arrival_oval, layout_loops_ring, serial_shops, shop
D:2:      layout_basic, basic_altar
D:3:      layout_loops_ring, lemuel_coloured_pillars_altar,
          corexii_hall_statues_s, uniq_grinder, uniq_jessica, uniq_ijyb
D:4:      layout_loops_ring, mainiacjoe_overflow_six_doors_small, uniq_sigmund
D:5:      layout_cave_pools, minmay_temple_entry_junction, lemuel_flame_loot_1
D:6:      layout_gridville, mainiacjoe_overflow_alcove_4,
          fedhas_bush_and_centaur_altar, mainiacjoe_overflow_brackets
D:7:      layout_layer_cave, mainiacjoe_overflow_divided_tiny,
          minmay_diced_spiral
D:8:      layout_cave_pools, okawaru_metal_pillars_1_2, enter_bailey_4,
          serial_shops, nicolae_shop_trees, uniq_maurice
D:9:      layout_roguey, serial_shops, nicolae_square_shop, grunt_decor_fettered
D:10:     gammafunk_beogh_shrine, layout_loops_ring,
          due_lair_maze_entry_diamond, serial_shops, nicolae_diamond_shop,
          chequers_serial_rivers_micro_a, uniq_amaemon, uniq_fannar,
          uniq_gastronok
D:11:     layout_cave_pools, gauntlet_entry_generic, uniq_lodul, uniq_harold
Temple:   dpeg_chambers_temple
Gauntlet: gammafunk_gauntlet_shortcut [gammafunk_gauntlet_arena_arrow_garden,
          nicolae_gauntlet_arena_x, gammafunk_gauntlet_arena_hedges,
          nicolae_gauntlet_arena_t_cross,
          minmay_gauntlet_arena_make_your_own_arena,
          gammafunk_gauntlet_arena_mazey, dreamdust_gauntlet_exit_labyrinth]

Skill      XL: |  1  2  3  4  5  6  7  8  9 10 11 |
---------------+----------------------------------+-----
Fighting       | 4 5 6 8 9 10 12 | 12.3
Stealth        | 2 3 4 5 6 8 9 |  9.3
Long Blades    | 4 5 6 8 9 10 12 | 12.3
Dodging        | 4 5 6 7 8 9 11 | 11.4

Action                   |  1- 3 |  4- 6 |  7- 9 | 10-12 || total
-------------------------+-------+-------+-------+-------++-------
Melee: Falchion          |   101 |    92 |   162 |       ||   355
       Headbutt          |    16 |    14 |    60 |    97 ||   187
       Punch             |       |     1 |     5 |    10 ||    16
       Long sword        |       |       |   113 |   387 ||   500
Throw: Throwing net      |       |     1 |     1 |       ||     2
Invok: Sacrifice Artific |       |       |     1 |       ||     1
       Sacrifice Essence |       |       |     1 |       ||     1
       Draw Out Power    |       |       |       |     1 ||     1
       Sacrifice Love    |       |       |       |     1 ||     1
Evoke: Wand              |       |     1 |       |       ||     1
  Use: Potion            |       |     3 |     4 |     3 ||    10
       Scroll            |       |       |    12 |     5 ||    17
 Stab: Sleeping          |     8 |     3 |     2 |     9 ||    22
       Distracted        |       |       |     1 |     3 ||     4
       Invisible         |       |       |       |     3 ||     3
       Petrifying        |       |       |       |     1 ||     1
Armor: Robe              |     6 |       |       |       ||     6
       Ring mail         |    23 |    26 |    60 |       ||   109
       Leather armour    |       |       |       |    54 ||    54
Dodge: Dodged            |    65 |    46 |   244 |   274 ||   629

Table legend: (Time is in decaauts)
 A = Elapsed time spent in this place.
 B = Non-inter-level travel time spent in this place.
 C = Inter-level travel time spent in this place.
 D = Time resting spent in this place.
 E = Time spent auto-exploring this place.
 F = Levels seen in this place.
 G = Mean time per level.
                   A        B        C        D        E       F      G
               +--------+--------+--------+--------+--------+-----+--------+
         Total |  13397 |  12861 |    536 |   2994 |   7561 |  14 |  956.9 |
       Dungeon |  11862 |  11344 |    518 |   2620 |   6823 |  11 | 1078.4 |
        Temple |    236 |    218 |     18 |      0 |    191 |   1 |  236.0 |
        Bailey |    756 |    756 |      0 |    325 |    203 |   1 |  756.0 |
      Gauntlet |    541 |    541 |      0 |     49 |    342 |   1 |  541.0 |
               +--------+--------+--------+--------+--------+-----+--------+

Top non-repeatable levels by time:
    D:10: 1864 daAuts
     D:7: 1695 daAuts
     D:6: 1481 daAuts
     D:5: 1376 daAuts
     D:9: 1313 daAuts
     D:4: 1212 daAuts
     D:2: 900 daAuts
  Bailey: 756 daAuts
     D:1: 749 daAuts
     D:8: 638 daAuts
Gauntlet: 541 daAuts
     D:3: 527 daAuts
  Temple: 236 daAuts
    D:11: 101 daAuts
